%YAML 1.1
%TAG !u! tag:unity3d.com,2011:
--- !u!29 &1
OcclusionCullingSettings:
  m_ObjectHideFlags: 0
  serializedVersion: 2
  m_OcclusionBakeSettings:
    smallestOccluder: 5
    smallestHole: 0.25
    backfaceThreshold: 100
  m_SceneGUID: 00000000000000000000000000000000
  m_OcclusionCullingData: {fileID: 0}
--- !u!104 &2
RenderSettings:
  m_ObjectHideFlags: 0
  serializedVersion: 9
  m_Fog: 0
  m_FogColor: {r: 0.5, g: 0.5, b: 0.5, a: 1}
  m_FogMode: 3
  m_FogDensity: 0.01
  m_LinearFogStart: 0
  m_LinearFogEnd: 300
  m_AmbientSkyColor: {r: 0.212, g: 0.227, b: 0.259, a: 1}
  m_AmbientEquatorColor: {r: 0.114, g: 0.125, b: 0.133, a: 1}
  m_AmbientGroundColor: {r: 0.047, g: 0.043, b: 0.035, a: 1}
  m_AmbientIntensity: 1
  m_AmbientMode: 0
  m_SubtractiveShadowColor: {r: 0.42, g: 0.478, b: 0.627, a: 1}
  m_SkyboxMaterial: {fileID: 10304, guid: 0000000000000000f000000000000000, type: 0}
  m_HaloStrength: 0.5
  m_FlareStrength: 1
  m_FlareFadeSpeed: 3
  m_HaloTexture: {fileID: 0}
  m_SpotCookie: {fileID: 10001, guid: 0000000000000000e000000000000000, type: 0}
  m_DefaultReflectionMode: 0
  m_DefaultReflectionResolution: 128
  m_ReflectionBounces: 1
  m_ReflectionIntensity: 1
  m_CustomReflection: {fileID: 0}
  m_Sun: {fileID: 0}
  m_IndirectSpecularColor: {r: 0.44657844, g: 0.49641222, b: 0.57481694, a: 1}
  m_UseRadianceAmbientProbe: 0
--- !u!157 &3
LightmapSettings:
  m_ObjectHideFlags: 0
  serializedVersion: 11
  m_GIWorkflowMode: 1
  m_GISettings:
    serializedVersion: 2
    m_BounceScale: 1
    m_IndirectOutputScale: 1
    m_AlbedoBoost: 1
    m_EnvironmentLightingMode: 0
    m_EnableBakedLightmaps: 1
    m_EnableRealtimeLightmaps: 1
  m_LightmapEditorSettings:
    serializedVersion: 10
    m_Resolution: 2
    m_BakeResolution: 40
    m_AtlasSize: 1024
    m_AO: 0
    m_AOMaxDistance: 1
    m_CompAOExponent: 1
    m_CompAOExponentDirect: 0
    m_Padding: 2
    m_LightmapParameters: {fileID: 0}
    m_LightmapsBakeMode: 1
    m_TextureCompression: 1
    m_FinalGather: 0
    m_FinalGatherFiltering: 1
    m_FinalGatherRayCount: 256
    m_ReflectionCompression: 2
    m_MixedBakeMode: 2
    m_BakeBackend: 1
    m_PVRSampling: 1
    m_PVRDirectSampleCount: 32
    m_PVRSampleCount: 500
    m_PVRBounces: 2
    m_PVRFilterTypeDirect: 0
    m_PVRFilterTypeIndirect: 0
    m_PVRFilterTypeAO: 0
    m_PVRFilteringMode: 1
    m_PVRCulling: 1
    m_PVRFilteringGaussRadiusDirect: 1
    m_PVRFilteringGaussRadiusIndirect: 5
    m_PVRFilteringGaussRadiusAO: 2
    m_PVRFilteringAtrousPositionSigmaDirect: 0.5
    m_PVRFilteringAtrousPositionSigmaIndirect: 2
    m_PVRFilteringAtrousPositionSigmaAO: 1
    m_ShowResolutionOverlay: 1
  m_LightingDataAsset: {fileID: 112000000, guid: 4b880b92445462f4ba9c5c11b0662598,
    type: 2}
  m_UseShadowmask: 1
--- !u!196 &4
NavMeshSettings:
  serializedVersion: 2
  m_ObjectHideFlags: 0
  m_BuildSettings:
    serializedVersion: 2
    agentTypeID: 0
    agentRadius: 0.5
    agentHeight: 2
    agentSlope: 45
    agentClimb: 0.4
    ledgeDropHeight: 0
    maxJumpAcrossDistance: 0
    minRegionArea: 2
    manualCellSize: 0
    cellSize: 0.16666667
    manualTileSize: 0
    tileSize: 256
    accuratePlacement: 0
    debug:
      m_Flags: 0
  m_NavMeshData: {fileID: 23800000, guid: 0a5ea0435e8d5428a96d8a3e05fd718d, type: 2}
--- !u!1 &66175332
GameObject:
  m_ObjectHideFlags: 0
  m_CorrespondingSourceObject: {fileID: 0}
  m_PrefabInstance: {fileID: 0}
  m_PrefabAsset: {fileID: 0}
  serializedVersion: 6
  m_Component:
  - component: {fileID: 66175333}
  m_Layer: 0
  m_Name: Enemies
  m_TagString: Untagged
  m_Icon: {fileID: 0}
  m_NavMeshLayer: 0
  m_StaticEditorFlags: 0
  m_IsActive: 1
--- !u!4 &66175333
Transform:
  m_ObjectHideFlags: 0
  m_CorrespondingSourceObject: {fileID: 0}
  m_PrefabInstance: {fileID: 0}
  m_PrefabAsset: {fileID: 0}
  m_GameObject: {fileID: 66175332}
  m_LocalRotation: {x: 0, y: 0, z: 0, w: 1}
  m_LocalPosition: {x: 0, y: 0, z: 0}
  m_LocalScale: {x: 1, y: 1, z: 1}
  m_Children:
  - {fileID: 1567031771}
  - {fileID: 1569010479}
  - {fileID: 1415478071}
  m_Father: {fileID: 0}
  m_RootOrder: 5
  m_LocalEulerAnglesHint: {x: 0, y: 0, z: 0}
--- !u!1 &126144366 stripped
GameObject:
  m_CorrespondingSourceObject: {fileID: 2398570106719147294, guid: 2e17cc19b956a4a7a89a13be858da31b,
    type: 3}
  m_PrefabInstance: {fileID: 1315252820}
  m_PrefabAsset: {fileID: 0}
--- !u!1 &197817508 stripped
GameObject:
  m_CorrespondingSourceObject: {fileID: 1963053048372991917, guid: 2e17cc19b956a4a7a89a13be858da31b,
    type: 3}
  m_PrefabInstance: {fileID: 1315252820}
  m_PrefabAsset: {fileID: 0}
--- !u!1001 &237540857
PrefabInstance:
  m_ObjectHideFlags: 0
  serializedVersion: 2
  m_Modification:
    m_TransformParent: {fileID: 66175333}
    m_Modifications:
    - target: {fileID: 2048125904511470519, guid: 7b50be6a14d134332941d9af494339f1,
        type: 3}
      propertyPath: m_Name
      value: Enemy 1 (2)
      objectReference: {fileID: 0}
    - target: {fileID: 2048125904511470519, guid: 7b50be6a14d134332941d9af494339f1,
        type: 3}
      propertyPath: m_TagString
      value: Enemy
      objectReference: {fileID: 0}
    - target: {fileID: 2048125904511470524, guid: 7b50be6a14d134332941d9af494339f1,
        type: 3}
      propertyPath: m_LocalPosition.x
      value: -29.2
      objectReference: {fileID: 0}
    - target: {fileID: 2048125904511470524, guid: 7b50be6a14d134332941d9af494339f1,
        type: 3}
      propertyPath: m_LocalPosition.y
      value: -4
      objectReference: {fileID: 0}
    - target: {fileID: 2048125904511470524, guid: 7b50be6a14d134332941d9af494339f1,
        type: 3}
      propertyPath: m_LocalPosition.z
      value: 27.26
      objectReference: {fileID: 0}
    - target: {fileID: 2048125904511470524, guid: 7b50be6a14d134332941d9af494339f1,
        type: 3}
      propertyPath: m_LocalRotation.x
      value: -0
      objectReference: {fileID: 0}
    - target: {fileID: 2048125904511470524, guid: 7b50be6a14d134332941d9af494339f1,
        type: 3}
      propertyPath: m_LocalRotation.y
      value: -0
      objectReference: {fileID: 0}
    - target: {fileID: 2048125904511470524, guid: 7b50be6a14d134332941d9af494339f1,
        type: 3}
      propertyPath: m_LocalRotation.z
      value: -0
      objectReference: {fileID: 0}
    - target: {fileID: 2048125904511470524, guid: 7b50be6a14d134332941d9af494339f1,
        type: 3}
      propertyPath: m_LocalRotation.w
      value: 1
      objectReference: {fileID: 0}
    - target: {fileID: 2048125904511470524, guid: 7b50be6a14d134332941d9af494339f1,
        type: 3}
      propertyPath: m_RootOrder
      value: 2
      objectReference: {fileID: 0}
    - target: {fileID: 2048125904511470524, guid: 7b50be6a14d134332941d9af494339f1,
        type: 3}
      propertyPath: m_LocalEulerAnglesHint.x
      value: 0
      objectReference: {fileID: 0}
    - target: {fileID: 2048125904511470524, guid: 7b50be6a14d134332941d9af494339f1,
        type: 3}
      propertyPath: m_LocalEulerAnglesHint.y
      value: 0
      objectReference: {fileID: 0}
    - target: {fileID: 2048125904511470524, guid: 7b50be6a14d134332941d9af494339f1,
        type: 3}
      propertyPath: m_LocalEulerAnglesHint.z
      value: 0
      objectReference: {fileID: 0}
    - target: {fileID: 2048125904511470518, guid: 7b50be6a14d134332941d9af494339f1,
        type: 3}
      propertyPath: target
      value: 
      objectReference: {fileID: 1553325370}
    - target: {fileID: 2048125904511470527, guid: 7b50be6a14d134332941d9af494339f1,
        type: 3}
      propertyPath: maxHealth
      value: 10
      objectReference: {fileID: 0}
    m_RemovedComponents: []
  m_SourcePrefab: {fileID: 100100000, guid: 7b50be6a14d134332941d9af494339f1, type: 3}
--- !u!1001 &391156398
PrefabInstance:
  m_ObjectHideFlags: 0
  serializedVersion: 2
  m_Modification:
    m_TransformParent: {fileID: 0}
    m_Modifications:
    - target: {fileID: 0}
      propertyPath: m_Enabled
      value: 0
      objectReference: {fileID: 0}
    - target: {fileID: 1553325369, guid: e2d3da987181a4ec295f16a1893f8dfe, type: 3}
      propertyPath: m_Name
      value: Player
      objectReference: {fileID: 0}
    - target: {fileID: 1553325370, guid: e2d3da987181a4ec295f16a1893f8dfe, type: 3}
      propertyPath: m_LocalPosition.x
      value: 7.5
      objectReference: {fileID: 0}
    - target: {fileID: 1553325370, guid: e2d3da987181a4ec295f16a1893f8dfe, type: 3}
      propertyPath: m_LocalPosition.y
      value: -10
      objectReference: {fileID: 0}
    - target: {fileID: 1553325370, guid: e2d3da987181a4ec295f16a1893f8dfe, type: 3}
      propertyPath: m_LocalPosition.z
      value: 0
      objectReference: {fileID: 0}
    - target: {fileID: 1553325370, guid: e2d3da987181a4ec295f16a1893f8dfe, type: 3}
      propertyPath: m_LocalRotation.x
      value: 0
      objectReference: {fileID: 0}
    - target: {fileID: 1553325370, guid: e2d3da987181a4ec295f16a1893f8dfe, type: 3}
      propertyPath: m_LocalRotation.y
      value: 0
      objectReference: {fileID: 0}
    - target: {fileID: 1553325370, guid: e2d3da987181a4ec295f16a1893f8dfe, type: 3}
      propertyPath: m_LocalRotation.z
      value: 0
      objectReference: {fileID: 0}
    - target: {fileID: 1553325370, guid: e2d3da987181a4ec295f16a1893f8dfe, type: 3}
      propertyPath: m_LocalRotation.w
      value: 1
      objectReference: {fileID: 0}
    - target: {fileID: 1553325370, guid: e2d3da987181a4ec295f16a1893f8dfe, type: 3}
      propertyPath: m_RootOrder
      value: 2
      objectReference: {fileID: 0}
    - target: {fileID: 1553325370, guid: e2d3da987181a4ec295f16a1893f8dfe, type: 3}
      propertyPath: m_LocalEulerAnglesHint.x
      value: 0
      objectReference: {fileID: 0}
    - target: {fileID: 1553325370, guid: e2d3da987181a4ec295f16a1893f8dfe, type: 3}
      propertyPath: m_LocalEulerAnglesHint.y
      value: 0
      objectReference: {fileID: 0}
    - target: {fileID: 1553325370, guid: e2d3da987181a4ec295f16a1893f8dfe, type: 3}
      propertyPath: m_LocalEulerAnglesHint.z
      value: 0
      objectReference: {fileID: 0}
    - target: {fileID: 1121389604, guid: e2d3da987181a4ec295f16a1893f8dfe, type: 3}
      propertyPath: m_Layer
      value: 0
      objectReference: {fileID: 0}
    - target: {fileID: 617577418, guid: e2d3da987181a4ec295f16a1893f8dfe, type: 3}
      propertyPath: m_Layer
      value: 9
      objectReference: {fileID: 0}
    - target: {fileID: 1746495438, guid: e2d3da987181a4ec295f16a1893f8dfe, type: 3}
      propertyPath: m_Layer
      value: 9
      objectReference: {fileID: 0}
    - target: {fileID: 302068677, guid: e2d3da987181a4ec295f16a1893f8dfe, type: 3}
      propertyPath: m_Layer
      value: 9
      objectReference: {fileID: 0}
    - target: {fileID: 1985680085, guid: e2d3da987181a4ec295f16a1893f8dfe, type: 3}
      propertyPath: m_Layer
      value: 9
      objectReference: {fileID: 0}
    - target: {fileID: 1028106186, guid: e2d3da987181a4ec295f16a1893f8dfe, type: 3}
      propertyPath: m_Layer
      value: 9
      objectReference: {fileID: 0}
    - target: {fileID: 1264669951, guid: e2d3da987181a4ec295f16a1893f8dfe, type: 3}
      propertyPath: m_Layer
      value: 9
      objectReference: {fileID: 0}
    - target: {fileID: 443306718, guid: e2d3da987181a4ec295f16a1893f8dfe, type: 3}
      propertyPath: m_Layer
      value: 9
      objectReference: {fileID: 0}
    - target: {fileID: 1886600784, guid: e2d3da987181a4ec295f16a1893f8dfe, type: 3}
      propertyPath: m_Layer
      value: 9
      objectReference: {fileID: 0}
    - target: {fileID: 113673597, guid: e2d3da987181a4ec295f16a1893f8dfe, type: 3}
      propertyPath: m_Layer
      value: 9
      objectReference: {fileID: 0}
    - target: {fileID: 1078648839, guid: e2d3da987181a4ec295f16a1893f8dfe, type: 3}
      propertyPath: m_Layer
      value: 9
      objectReference: {fileID: 0}
    - target: {fileID: 1065364312, guid: e2d3da987181a4ec295f16a1893f8dfe, type: 3}
      propertyPath: m_Layer
      value: 9
      objectReference: {fileID: 0}
    - target: {fileID: 260116005, guid: e2d3da987181a4ec295f16a1893f8dfe, type: 3}
      propertyPath: m_Layer
      value: 9
      objectReference: {fileID: 0}
    - target: {fileID: 540384123, guid: e2d3da987181a4ec295f16a1893f8dfe, type: 3}
      propertyPath: m_Layer
      value: 9
      objectReference: {fileID: 0}
    - target: {fileID: 270999281, guid: e2d3da987181a4ec295f16a1893f8dfe, type: 3}
      propertyPath: m_Layer
      value: 9
      objectReference: {fileID: 0}
    - target: {fileID: 1861543194, guid: e2d3da987181a4ec295f16a1893f8dfe, type: 3}
      propertyPath: m_Layer
      value: 9
      objectReference: {fileID: 0}
    - target: {fileID: 370094341, guid: e2d3da987181a4ec295f16a1893f8dfe, type: 3}
      propertyPath: m_Layer
      value: 9
      objectReference: {fileID: 0}
    - target: {fileID: 1870298363, guid: e2d3da987181a4ec295f16a1893f8dfe, type: 3}
      propertyPath: m_Layer
      value: 9
      objectReference: {fileID: 0}
    - target: {fileID: 29263142, guid: e2d3da987181a4ec295f16a1893f8dfe, type: 3}
      propertyPath: m_Layer
      value: 9
      objectReference: {fileID: 0}
    - target: {fileID: 976532534, guid: e2d3da987181a4ec295f16a1893f8dfe, type: 3}
      propertyPath: m_Layer
      value: 9
      objectReference: {fileID: 0}
    - target: {fileID: 1208749557, guid: e2d3da987181a4ec295f16a1893f8dfe, type: 3}
      propertyPath: m_Layer
      value: 9
      objectReference: {fileID: 0}
    - target: {fileID: 1137809352, guid: e2d3da987181a4ec295f16a1893f8dfe, type: 3}
      propertyPath: m_Layer
      value: 9
      objectReference: {fileID: 0}
    - target: {fileID: 497156398, guid: e2d3da987181a4ec295f16a1893f8dfe, type: 3}
      propertyPath: m_Layer
      value: 9
      objectReference: {fileID: 0}
    - target: {fileID: 1094200001, guid: e2d3da987181a4ec295f16a1893f8dfe, type: 3}
      propertyPath: m_Layer
      value: 9
      objectReference: {fileID: 0}
    - target: {fileID: 105253108, guid: e2d3da987181a4ec295f16a1893f8dfe, type: 3}
      propertyPath: m_Layer
      value: 9
      objectReference: {fileID: 0}
    - target: {fileID: 227765650, guid: e2d3da987181a4ec295f16a1893f8dfe, type: 3}
      propertyPath: m_Layer
      value: 9
      objectReference: {fileID: 0}
    - target: {fileID: 867026444, guid: e2d3da987181a4ec295f16a1893f8dfe, type: 3}
      propertyPath: m_Layer
      value: 9
      objectReference: {fileID: 0}
    - target: {fileID: 902558336, guid: e2d3da987181a4ec295f16a1893f8dfe, type: 3}
      propertyPath: m_Layer
      value: 9
      objectReference: {fileID: 0}
    - target: {fileID: 375504135, guid: e2d3da987181a4ec295f16a1893f8dfe, type: 3}
      propertyPath: m_Layer
      value: 9
      objectReference: {fileID: 0}
    - target: {fileID: 477697042, guid: e2d3da987181a4ec295f16a1893f8dfe, type: 3}
      propertyPath: m_Layer
      value: 9
      objectReference: {fileID: 0}
    - target: {fileID: 1801637898, guid: e2d3da987181a4ec295f16a1893f8dfe, type: 3}
      propertyPath: m_Layer
      value: 9
      objectReference: {fileID: 0}
    - target: {fileID: 403433477, guid: e2d3da987181a4ec295f16a1893f8dfe, type: 3}
      propertyPath: m_Layer
      value: 9
      objectReference: {fileID: 0}
    - target: {fileID: 1577499177, guid: e2d3da987181a4ec295f16a1893f8dfe, type: 3}
      propertyPath: m_Layer
      value: 9
      objectReference: {fileID: 0}
    - target: {fileID: 962907354, guid: e2d3da987181a4ec295f16a1893f8dfe, type: 3}
      propertyPath: m_Layer
      value: 9
      objectReference: {fileID: 0}
    - target: {fileID: 1407681405, guid: e2d3da987181a4ec295f16a1893f8dfe, type: 3}
      propertyPath: m_Layer
      value: 9
      objectReference: {fileID: 0}
    - target: {fileID: 665312431, guid: e2d3da987181a4ec295f16a1893f8dfe, type: 3}
      propertyPath: m_Layer
      value: 9
      objectReference: {fileID: 0}
    - target: {fileID: 1904432958, guid: e2d3da987181a4ec295f16a1893f8dfe, type: 3}
      propertyPath: m_Layer
      value: 9
      objectReference: {fileID: 0}
    - target: {fileID: 1156303854, guid: e2d3da987181a4ec295f16a1893f8dfe, type: 3}
      propertyPath: m_Layer
      value: 9
      objectReference: {fileID: 0}
    - target: {fileID: 179925471, guid: e2d3da987181a4ec295f16a1893f8dfe, type: 3}
      propertyPath: m_Layer
      value: 9
      objectReference: {fileID: 0}
    - target: {fileID: 1472307837, guid: e2d3da987181a4ec295f16a1893f8dfe, type: 3}
      propertyPath: m_Layer
      value: 9
      objectReference: {fileID: 0}
    - target: {fileID: 7854193, guid: e2d3da987181a4ec295f16a1893f8dfe, type: 3}
      propertyPath: m_Layer
      value: 9
      objectReference: {fileID: 0}
    - target: {fileID: 1242398963, guid: e2d3da987181a4ec295f16a1893f8dfe, type: 3}
      propertyPath: m_Layer
      value: 9
      objectReference: {fileID: 0}
    - target: {fileID: 550906095, guid: e2d3da987181a4ec295f16a1893f8dfe, type: 3}
      propertyPath: m_Layer
      value: 9
      objectReference: {fileID: 0}
    - target: {fileID: 1911656236, guid: e2d3da987181a4ec295f16a1893f8dfe, type: 3}
      propertyPath: m_Layer
      value: 9
      objectReference: {fileID: 0}
    - target: {fileID: 136527685, guid: e2d3da987181a4ec295f16a1893f8dfe, type: 3}
      propertyPath: m_Layer
      value: 9
      objectReference: {fileID: 0}
    - target: {fileID: 593864801, guid: e2d3da987181a4ec295f16a1893f8dfe, type: 3}
      propertyPath: m_Layer
      value: 9
      objectReference: {fileID: 0}
    - target: {fileID: 850878980, guid: e2d3da987181a4ec295f16a1893f8dfe, type: 3}
      propertyPath: m_Layer
      value: 9
      objectReference: {fileID: 0}
    - target: {fileID: 1460668034, guid: e2d3da987181a4ec295f16a1893f8dfe, type: 3}
      propertyPath: m_Layer
      value: 9
      objectReference: {fileID: 0}
    - target: {fileID: 314230636, guid: e2d3da987181a4ec295f16a1893f8dfe, type: 3}
      propertyPath: m_Layer
      value: 9
      objectReference: {fileID: 0}
    - target: {fileID: 689898751, guid: e2d3da987181a4ec295f16a1893f8dfe, type: 3}
      propertyPath: m_Layer
      value: 9
      objectReference: {fileID: 0}
    - target: {fileID: 21536391, guid: e2d3da987181a4ec295f16a1893f8dfe, type: 3}
      propertyPath: m_Layer
      value: 9
      objectReference: {fileID: 0}
    - target: {fileID: 665784050, guid: e2d3da987181a4ec295f16a1893f8dfe, type: 3}
      propertyPath: m_Layer
      value: 9
      objectReference: {fileID: 0}
    - target: {fileID: 1155896295, guid: e2d3da987181a4ec295f16a1893f8dfe, type: 3}
      propertyPath: m_Layer
      value: 9
      objectReference: {fileID: 0}
    - target: {fileID: 896735183, guid: e2d3da987181a4ec295f16a1893f8dfe, type: 3}
      propertyPath: m_Layer
      value: 9
      objectReference: {fileID: 0}
    - target: {fileID: 332686539, guid: e2d3da987181a4ec295f16a1893f8dfe, type: 3}
      propertyPath: m_Layer
      value: 9
      objectReference: {fileID: 0}
    - target: {fileID: 1382053629, guid: e2d3da987181a4ec295f16a1893f8dfe, type: 3}
      propertyPath: m_Layer
      value: 9
      objectReference: {fileID: 0}
    - target: {fileID: 200767459, guid: e2d3da987181a4ec295f16a1893f8dfe, type: 3}
      propertyPath: m_Layer
      value: 9
      objectReference: {fileID: 0}
    - target: {fileID: 1143823440, guid: e2d3da987181a4ec295f16a1893f8dfe, type: 3}
      propertyPath: m_Layer
      value: 9
      objectReference: {fileID: 0}
    - target: {fileID: 934287160, guid: e2d3da987181a4ec295f16a1893f8dfe, type: 3}
      propertyPath: m_Layer
      value: 9
      objectReference: {fileID: 0}
    - target: {fileID: 502251885, guid: e2d3da987181a4ec295f16a1893f8dfe, type: 3}
      propertyPath: m_Layer
      value: 9
      objectReference: {fileID: 0}
    - target: {fileID: 658791184, guid: e2d3da987181a4ec295f16a1893f8dfe, type: 3}
      propertyPath: m_Layer
      value: 9
      objectReference: {fileID: 0}
    - target: {fileID: 511278852, guid: e2d3da987181a4ec295f16a1893f8dfe, type: 3}
      propertyPath: m_Layer
      value: 9
      objectReference: {fileID: 0}
    - target: {fileID: 95687193, guid: e2d3da987181a4ec295f16a1893f8dfe, type: 3}
      propertyPath: m_Layer
      value: 9
      objectReference: {fileID: 0}
    - target: {fileID: 1830770090, guid: e2d3da987181a4ec295f16a1893f8dfe, type: 3}
      propertyPath: m_Layer
      value: 9
      objectReference: {fileID: 0}
    - target: {fileID: 109725797, guid: e2d3da987181a4ec295f16a1893f8dfe, type: 3}
      propertyPath: m_Layer
      value: 9
      objectReference: {fileID: 0}
    - target: {fileID: 633616505, guid: e2d3da987181a4ec295f16a1893f8dfe, type: 3}
      propertyPath: m_Layer
      value: 9
      objectReference: {fileID: 0}
    - target: {fileID: 659338721, guid: e2d3da987181a4ec295f16a1893f8dfe, type: 3}
      propertyPath: m_Layer
      value: 9
      objectReference: {fileID: 0}
    - target: {fileID: 1252075723, guid: e2d3da987181a4ec295f16a1893f8dfe, type: 3}
      propertyPath: m_Layer
      value: 9
      objectReference: {fileID: 0}
    - target: {fileID: 935220265, guid: e2d3da987181a4ec295f16a1893f8dfe, type: 3}
      propertyPath: m_Layer
      value: 9
      objectReference: {fileID: 0}
    - target: {fileID: 2013810875, guid: e2d3da987181a4ec295f16a1893f8dfe, type: 3}
      propertyPath: m_Layer
      value: 9
      objectReference: {fileID: 0}
    - target: {fileID: 1168088987, guid: e2d3da987181a4ec295f16a1893f8dfe, type: 3}
      propertyPath: m_Layer
      value: 9
      objectReference: {fileID: 0}
    - target: {fileID: 1555734485, guid: e2d3da987181a4ec295f16a1893f8dfe, type: 3}
      propertyPath: m_Layer
      value: 9
      objectReference: {fileID: 0}
    - target: {fileID: 107983337, guid: e2d3da987181a4ec295f16a1893f8dfe, type: 3}
      propertyPath: m_Layer
      value: 9
      objectReference: {fileID: 0}
    - target: {fileID: 2103688806, guid: e2d3da987181a4ec295f16a1893f8dfe, type: 3}
      propertyPath: m_Layer
      value: 9
      objectReference: {fileID: 0}
    - target: {fileID: 1952766434, guid: e2d3da987181a4ec295f16a1893f8dfe, type: 3}
      propertyPath: m_Layer
      value: 9
      objectReference: {fileID: 0}
    - target: {fileID: 1526290951, guid: e2d3da987181a4ec295f16a1893f8dfe, type: 3}
      propertyPath: m_Layer
      value: 9
      objectReference: {fileID: 0}
    - target: {fileID: 754446124, guid: e2d3da987181a4ec295f16a1893f8dfe, type: 3}
      propertyPath: m_Layer
      value: 9
      objectReference: {fileID: 0}
    - target: {fileID: 2134046917, guid: e2d3da987181a4ec295f16a1893f8dfe, type: 3}
      propertyPath: m_Layer
      value: 9
      objectReference: {fileID: 0}
    - target: {fileID: 1095062721, guid: e2d3da987181a4ec295f16a1893f8dfe, type: 3}
      propertyPath: m_Layer
      value: 9
      objectReference: {fileID: 0}
    - target: {fileID: 738601666, guid: e2d3da987181a4ec295f16a1893f8dfe, type: 3}
      propertyPath: m_Layer
      value: 9
      objectReference: {fileID: 0}
    - target: {fileID: 956885600, guid: e2d3da987181a4ec295f16a1893f8dfe, type: 3}
      propertyPath: m_Layer
      value: 9
      objectReference: {fileID: 0}
    - target: {fileID: 535151288, guid: e2d3da987181a4ec295f16a1893f8dfe, type: 3}
      propertyPath: m_Layer
      value: 9
      objectReference: {fileID: 0}
    - target: {fileID: 1460467955, guid: e2d3da987181a4ec295f16a1893f8dfe, type: 3}
      propertyPath: m_Layer
      value: 9
      objectReference: {fileID: 0}
    - target: {fileID: 815025352, guid: e2d3da987181a4ec295f16a1893f8dfe, type: 3}
      propertyPath: m_Layer
      value: 9
      objectReference: {fileID: 0}
    - target: {fileID: 631259386, guid: e2d3da987181a4ec295f16a1893f8dfe, type: 3}
      propertyPath: m_Layer
      value: 9
      objectReference: {fileID: 0}
    - target: {fileID: 1333812065, guid: e2d3da987181a4ec295f16a1893f8dfe, type: 3}
      propertyPath: m_Layer
      value: 9
      objectReference: {fileID: 0}
    m_RemovedComponents: []
  m_SourcePrefab: {fileID: 100100000, guid: e2d3da987181a4ec295f16a1893f8dfe, type: 3}
--- !u!1001 &467396093
PrefabInstance:
  m_ObjectHideFlags: 0
  serializedVersion: 2
  m_Modification:
    m_TransformParent: {fileID: 0}
    m_Modifications:
    - target: {fileID: 1345381129765540541, guid: 05cbed7b86c5647c5b8a01fc405f6e16,
        type: 3}
      propertyPath: m_Name
      value: World
      objectReference: {fileID: 0}
    - target: {fileID: 2848159575700210891, guid: 05cbed7b86c5647c5b8a01fc405f6e16,
        type: 3}
      propertyPath: m_LocalPosition.x
      value: 0
      objectReference: {fileID: 0}
    - target: {fileID: 2848159575700210891, guid: 05cbed7b86c5647c5b8a01fc405f6e16,
        type: 3}
      propertyPath: m_LocalPosition.y
      value: 0
      objectReference: {fileID: 0}
    - target: {fileID: 2848159575700210891, guid: 05cbed7b86c5647c5b8a01fc405f6e16,
        type: 3}
      propertyPath: m_LocalPosition.z
      value: 0
      objectReference: {fileID: 0}
    - target: {fileID: 2848159575700210891, guid: 05cbed7b86c5647c5b8a01fc405f6e16,
        type: 3}
      propertyPath: m_LocalRotation.x
      value: 0
      objectReference: {fileID: 0}
    - target: {fileID: 2848159575700210891, guid: 05cbed7b86c5647c5b8a01fc405f6e16,
        type: 3}
      propertyPath: m_LocalRotation.y
      value: 0
      objectReference: {fileID: 0}
    - target: {fileID: 2848159575700210891, guid: 05cbed7b86c5647c5b8a01fc405f6e16,
        type: 3}
      propertyPath: m_LocalRotation.z
      value: 0
      objectReference: {fileID: 0}
    - target: {fileID: 2848159575700210891, guid: 05cbed7b86c5647c5b8a01fc405f6e16,
        type: 3}
      propertyPath: m_LocalRotation.w
      value: 1
      objectReference: {fileID: 0}
    - target: {fileID: 2848159575700210891, guid: 05cbed7b86c5647c5b8a01fc405f6e16,
        type: 3}
      propertyPath: m_RootOrder
      value: 1
      objectReference: {fileID: 0}
    - target: {fileID: 2848159575700210891, guid: 05cbed7b86c5647c5b8a01fc405f6e16,
        type: 3}
      propertyPath: m_LocalEulerAnglesHint.x
      value: 0
      objectReference: {fileID: 0}
    - target: {fileID: 2848159575700210891, guid: 05cbed7b86c5647c5b8a01fc405f6e16,
        type: 3}
      propertyPath: m_LocalEulerAnglesHint.y
      value: 0
      objectReference: {fileID: 0}
    - target: {fileID: 2848159575700210891, guid: 05cbed7b86c5647c5b8a01fc405f6e16,
        type: 3}
      propertyPath: m_LocalEulerAnglesHint.z
      value: 0
      objectReference: {fileID: 0}
    m_RemovedComponents: []
  m_SourcePrefab: {fileID: 100100000, guid: 05cbed7b86c5647c5b8a01fc405f6e16, type: 3}
--- !u!1001 &480582906
PrefabInstance:
  m_ObjectHideFlags: 0
  serializedVersion: 2
  m_Modification:
    m_TransformParent: {fileID: 66175333}
    m_Modifications:
    - target: {fileID: 2048125904511470519, guid: 7b50be6a14d134332941d9af494339f1,
        type: 3}
      propertyPath: m_Name
      value: Enemy 1
      objectReference: {fileID: 0}
    - target: {fileID: 2048125904511470519, guid: 7b50be6a14d134332941d9af494339f1,
        type: 3}
      propertyPath: m_TagString
      value: Enemy
      objectReference: {fileID: 0}
    - target: {fileID: 2048125904511470524, guid: 7b50be6a14d134332941d9af494339f1,
        type: 3}
      propertyPath: m_LocalPosition.x
      value: 3.98
      objectReference: {fileID: 0}
    - target: {fileID: 2048125904511470524, guid: 7b50be6a14d134332941d9af494339f1,
        type: 3}
      propertyPath: m_LocalPosition.y
      value: -4.96
      objectReference: {fileID: 0}
    - target: {fileID: 2048125904511470524, guid: 7b50be6a14d134332941d9af494339f1,
        type: 3}
      propertyPath: m_LocalPosition.z
      value: 0
      objectReference: {fileID: 0}
    - target: {fileID: 2048125904511470524, guid: 7b50be6a14d134332941d9af494339f1,
        type: 3}
      propertyPath: m_LocalRotation.x
      value: -0
      objectReference: {fileID: 0}
    - target: {fileID: 2048125904511470524, guid: 7b50be6a14d134332941d9af494339f1,
        type: 3}
      propertyPath: m_LocalRotation.y
      value: -0
      objectReference: {fileID: 0}
    - target: {fileID: 2048125904511470524, guid: 7b50be6a14d134332941d9af494339f1,
        type: 3}
      propertyPath: m_LocalRotation.z
      value: -0
      objectReference: {fileID: 0}
    - target: {fileID: 2048125904511470524, guid: 7b50be6a14d134332941d9af494339f1,
        type: 3}
      propertyPath: m_LocalRotation.w
      value: 1
      objectReference: {fileID: 0}
    - target: {fileID: 2048125904511470524, guid: 7b50be6a14d134332941d9af494339f1,
        type: 3}
      propertyPath: m_RootOrder
      value: 0
      objectReference: {fileID: 0}
    - target: {fileID: 2048125904511470524, guid: 7b50be6a14d134332941d9af494339f1,
        type: 3}
      propertyPath: m_LocalEulerAnglesHint.x
      value: 0
      objectReference: {fileID: 0}
    - target: {fileID: 2048125904511470524, guid: 7b50be6a14d134332941d9af494339f1,
        type: 3}
      propertyPath: m_LocalEulerAnglesHint.y
      value: 0
      objectReference: {fileID: 0}
    - target: {fileID: 2048125904511470524, guid: 7b50be6a14d134332941d9af494339f1,
        type: 3}
      propertyPath: m_LocalEulerAnglesHint.z
      value: 0
      objectReference: {fileID: 0}
    - target: {fileID: 2048125904511470518, guid: 7b50be6a14d134332941d9af494339f1,
        type: 3}
      propertyPath: target
      value: 
      objectReference: {fileID: 1553325370}
    - target: {fileID: 2048125904511470527, guid: 7b50be6a14d134332941d9af494339f1,
        type: 3}
      propertyPath: maxHealth
      value: 10
      objectReference: {fileID: 0}
    m_RemovedComponents: []
  m_SourcePrefab: {fileID: 100100000, guid: 7b50be6a14d134332941d9af494339f1, type: 3}
--- !u!4 &737484820 stripped
Transform:
  m_CorrespondingSourceObject: {fileID: 6311222100997071619, guid: b7b5ac023d1974d2b9d6a1b7583f119b,
    type: 3}
  m_PrefabInstance: {fileID: 778699772}
  m_PrefabAsset: {fileID: 0}
--- !u!1 &740451181 stripped
GameObject:
  m_CorrespondingSourceObject: {fileID: 540135135749591241, guid: 2e17cc19b956a4a7a89a13be858da31b,
    type: 3}
  m_PrefabInstance: {fileID: 1315252820}
  m_PrefabAsset: {fileID: 0}
--- !u!1001 &778699772
PrefabInstance:
  m_ObjectHideFlags: 0
  serializedVersion: 2
  m_Modification:
    m_TransformParent: {fileID: 0}
    m_Modifications:
    - target: {fileID: 6311222100997071621, guid: b7b5ac023d1974d2b9d6a1b7583f119b,
        type: 3}
      propertyPath: m_Name
      value: Managers
      objectReference: {fileID: 0}
    - target: {fileID: 6311222100997071619, guid: b7b5ac023d1974d2b9d6a1b7583f119b,
        type: 3}
      propertyPath: m_LocalPosition.x
      value: -1.65
      objectReference: {fileID: 0}
    - target: {fileID: 6311222100997071619, guid: b7b5ac023d1974d2b9d6a1b7583f119b,
        type: 3}
      propertyPath: m_LocalPosition.y
      value: 0.75
      objectReference: {fileID: 0}
    - target: {fileID: 6311222100997071619, guid: b7b5ac023d1974d2b9d6a1b7583f119b,
        type: 3}
      propertyPath: m_LocalPosition.z
      value: 0.5899999
      objectReference: {fileID: 0}
    - target: {fileID: 6311222100997071619, guid: b7b5ac023d1974d2b9d6a1b7583f119b,
        type: 3}
      propertyPath: m_LocalRotation.x
      value: 0
      objectReference: {fileID: 0}
    - target: {fileID: 6311222100997071619, guid: b7b5ac023d1974d2b9d6a1b7583f119b,
        type: 3}
      propertyPath: m_LocalRotation.y
      value: 0
      objectReference: {fileID: 0}
    - target: {fileID: 6311222100997071619, guid: b7b5ac023d1974d2b9d6a1b7583f119b,
        type: 3}
      propertyPath: m_LocalRotation.z
      value: 0
      objectReference: {fileID: 0}
    - target: {fileID: 6311222100997071619, guid: b7b5ac023d1974d2b9d6a1b7583f119b,
        type: 3}
      propertyPath: m_LocalRotation.w
      value: 1
      objectReference: {fileID: 0}
    - target: {fileID: 6311222100997071619, guid: b7b5ac023d1974d2b9d6a1b7583f119b,
        type: 3}
      propertyPath: m_RootOrder
      value: 0
      objectReference: {fileID: 0}
    - target: {fileID: 6311222100997071619, guid: b7b5ac023d1974d2b9d6a1b7583f119b,
        type: 3}
      propertyPath: m_LocalEulerAnglesHint.x
      value: 0
      objectReference: {fileID: 0}
    - target: {fileID: 6311222100997071619, guid: b7b5ac023d1974d2b9d6a1b7583f119b,
        type: 3}
      propertyPath: m_LocalEulerAnglesHint.y
      value: 0
      objectReference: {fileID: 0}
    - target: {fileID: 6311222100997071619, guid: b7b5ac023d1974d2b9d6a1b7583f119b,
        type: 3}
      propertyPath: m_LocalEulerAnglesHint.z
      value: 0
      objectReference: {fileID: 0}
    - target: {fileID: 3506059913345060030, guid: b7b5ac023d1974d2b9d6a1b7583f119b,
        type: 3}
      propertyPath: playerHolyWater.Array.size
      value: 2
      objectReference: {fileID: 0}
    - target: {fileID: 3506059913345060030, guid: b7b5ac023d1974d2b9d6a1b7583f119b,
        type: 3}
      propertyPath: playerScore.Array.size
      value: 2
      objectReference: {fileID: 0}
    - target: {fileID: 3506059913345060030, guid: b7b5ac023d1974d2b9d6a1b7583f119b,
        type: 3}
      propertyPath: playerHealth.Array.data[0]
      value: 
      objectReference: {fileID: 197817508}
    - target: {fileID: 3506059913345060030, guid: b7b5ac023d1974d2b9d6a1b7583f119b,
        type: 3}
      propertyPath: playerHolyWater.Array.data[0]
      value: 
      objectReference: {fileID: 833699774}
    - target: {fileID: 3506059913345060030, guid: b7b5ac023d1974d2b9d6a1b7583f119b,
        type: 3}
      propertyPath: playerScore.Array.data[0]
      value: 
      objectReference: {fileID: 740451181}
    - target: {fileID: 3506059913345060030, guid: b7b5ac023d1974d2b9d6a1b7583f119b,
        type: 3}
      propertyPath: playerHealth.Array.data[1]
      value: 
      objectReference: {fileID: 126144366}
    - target: {fileID: 3506059913345060030, guid: b7b5ac023d1974d2b9d6a1b7583f119b,
        type: 3}
      propertyPath: playerHolyWater.Array.data[1]
      value: 
      objectReference: {fileID: 1487021954}
    - target: {fileID: 3506059913345060030, guid: b7b5ac023d1974d2b9d6a1b7583f119b,
        type: 3}
      propertyPath: playerScore.Array.data[1]
      value: 
      objectReference: {fileID: 1580670756}
    - target: {fileID: 3506059913345060030, guid: b7b5ac023d1974d2b9d6a1b7583f119b,
        type: 3}
      propertyPath: currentTime
      value: 
      objectReference: {fileID: 1110697899}
    - target: {fileID: 6311222100997071618, guid: b7b5ac023d1974d2b9d6a1b7583f119b,
        type: 3}
      propertyPath: cameraArray.Array.data[0]
      value: 
      objectReference: {fileID: 1024196564}
    - target: {fileID: 6311222100997071618, guid: b7b5ac023d1974d2b9d6a1b7583f119b,
        type: 3}
      propertyPath: cameraArray.Array.data[1]
      value: 
      objectReference: {fileID: 0}
    m_RemovedComponents: []
  m_SourcePrefab: {fileID: 100100000, guid: b7b5ac023d1974d2b9d6a1b7583f119b, type: 3}
--- !u!1 &833699774 stripped
GameObject:
  m_CorrespondingSourceObject: {fileID: 6857105829257694948, guid: 2e17cc19b956a4a7a89a13be858da31b,
    type: 3}
  m_PrefabInstance: {fileID: 1315252820}
  m_PrefabAsset: {fileID: 0}
--- !u!1 &846722842
GameObject:
  m_ObjectHideFlags: 0
  m_CorrespondingSourceObject: {fileID: 0}
  m_PrefabInstance: {fileID: 0}
  m_PrefabAsset: {fileID: 0}
  serializedVersion: 6
  m_Component:
  - component: {fileID: 846722844}
  - component: {fileID: 846722843}
  m_Layer: 0
  m_Name: Directional Light
  m_TagString: Untagged
  m_Icon: {fileID: 0}
  m_NavMeshLayer: 0
  m_StaticEditorFlags: 0
  m_IsActive: 1
--- !u!108 &846722843
Light:
  m_ObjectHideFlags: 0
  m_CorrespondingSourceObject: {fileID: 0}
  m_PrefabInstance: {fileID: 0}
  m_PrefabAsset: {fileID: 0}
  m_GameObject: {fileID: 846722842}
  m_Enabled: 1
  serializedVersion: 8
  m_Type: 1
  m_Color: {r: 1, g: 1, b: 1, a: 1}
  m_Intensity: 1
  m_Range: 10
  m_SpotAngle: 30
  m_CookieSize: 10
  m_Shadows:
    m_Type: 0
    m_Resolution: -1
    m_CustomResolution: -1
    m_Strength: 1
    m_Bias: 0.05
    m_NormalBias: 0.4
    m_NearPlane: 0.2
  m_Cookie: {fileID: 0}
  m_DrawHalo: 0
  m_Flare: {fileID: 0}
  m_RenderMode: 0
  m_CullingMask:
    serializedVersion: 2
    m_Bits: 4294967295
  m_Lightmapping: 4
  m_LightShadowCasterMode: 0
  m_AreaSize: {x: 1, y: 1}
  m_BounceIntensity: 1
  m_ColorTemperature: 6570
  m_UseColorTemperature: 0
  m_ShadowRadius: 0
  m_ShadowAngle: 0
--- !u!4 &846722844
Transform:
  m_ObjectHideFlags: 0
  m_CorrespondingSourceObject: {fileID: 0}
  m_PrefabInstance: {fileID: 0}
  m_PrefabAsset: {fileID: 0}
  m_GameObject: {fileID: 846722842}
  m_LocalRotation: {x: 0.40821788, y: -0.23456968, z: 0.10938163, w: 0.8754261}
  m_LocalPosition: {x: 7.869076, y: -3.9302826, z: 0.6293802}
  m_LocalScale: {x: 1, y: 1, z: 1}
  m_Children: []
  m_Father: {fileID: 737484820}
  m_RootOrder: 0
  m_LocalEulerAnglesHint: {x: 50, y: -30, z: 0}
--- !u!20 &1024196564 stripped
Camera:
  m_CorrespondingSourceObject: {fileID: 1024196564, guid: e2d3da987181a4ec295f16a1893f8dfe,
    type: 3}
  m_PrefabInstance: {fileID: 391156398}
  m_PrefabAsset: {fileID: 0}
--- !u!1 &1110697899 stripped
GameObject:
  m_CorrespondingSourceObject: {fileID: 8512591420561244958, guid: 2e17cc19b956a4a7a89a13be858da31b,
    type: 3}
  m_PrefabInstance: {fileID: 1315252820}
  m_PrefabAsset: {fileID: 0}
--- !u!1001 &1166793809
PrefabInstance:
  m_ObjectHideFlags: 0
  serializedVersion: 2
  m_Modification:
    m_TransformParent: {fileID: 66175333}
    m_Modifications:
    - target: {fileID: 2048125904511470519, guid: 7b50be6a14d134332941d9af494339f1,
        type: 3}
      propertyPath: m_Name
      value: Enemy 1 (1)
      objectReference: {fileID: 0}
    - target: {fileID: 2048125904511470519, guid: 7b50be6a14d134332941d9af494339f1,
        type: 3}
      propertyPath: m_TagString
      value: Enemy
      objectReference: {fileID: 0}
    - target: {fileID: 2048125904511470524, guid: 7b50be6a14d134332941d9af494339f1,
        type: 3}
      propertyPath: m_LocalPosition.x
      value: 43.19
      objectReference: {fileID: 0}
    - target: {fileID: 2048125904511470524, guid: 7b50be6a14d134332941d9af494339f1,
        type: 3}
      propertyPath: m_LocalPosition.y
      value: -4
      objectReference: {fileID: 0}
    - target: {fileID: 2048125904511470524, guid: 7b50be6a14d134332941d9af494339f1,
        type: 3}
      propertyPath: m_LocalPosition.z
      value: 0
      objectReference: {fileID: 0}
    - target: {fileID: 2048125904511470524, guid: 7b50be6a14d134332941d9af494339f1,
        type: 3}
      propertyPath: m_LocalRotation.x
      value: -0
      objectReference: {fileID: 0}
    - target: {fileID: 2048125904511470524, guid: 7b50be6a14d134332941d9af494339f1,
        type: 3}
      propertyPath: m_LocalRotation.y
      value: -0
      objectReference: {fileID: 0}
    - target: {fileID: 2048125904511470524, guid: 7b50be6a14d134332941d9af494339f1,
        type: 3}
      propertyPath: m_LocalRotation.z
      value: -0
      objectReference: {fileID: 0}
    - target: {fileID: 2048125904511470524, guid: 7b50be6a14d134332941d9af494339f1,
        type: 3}
      propertyPath: m_LocalRotation.w
      value: 1
      objectReference: {fileID: 0}
    - target: {fileID: 2048125904511470524, guid: 7b50be6a14d134332941d9af494339f1,
        type: 3}
      propertyPath: m_RootOrder
      value: 1
      objectReference: {fileID: 0}
    - target: {fileID: 2048125904511470524, guid: 7b50be6a14d134332941d9af494339f1,
        type: 3}
      propertyPath: m_LocalEulerAnglesHint.x
      value: 0
      objectReference: {fileID: 0}
    - target: {fileID: 2048125904511470524, guid: 7b50be6a14d134332941d9af494339f1,
        type: 3}
      propertyPath: m_LocalEulerAnglesHint.y
      value: 0
      objectReference: {fileID: 0}
    - target: {fileID: 2048125904511470524, guid: 7b50be6a14d134332941d9af494339f1,
        type: 3}
      propertyPath: m_LocalEulerAnglesHint.z
      value: 0
      objectReference: {fileID: 0}
    - target: {fileID: 2048125904511470518, guid: 7b50be6a14d134332941d9af494339f1,
        type: 3}
      propertyPath: target
      value: 
      objectReference: {fileID: 1553325370}
    - target: {fileID: 2048125904511470527, guid: 7b50be6a14d134332941d9af494339f1,
        type: 3}
      propertyPath: maxHealth
      value: 10
      objectReference: {fileID: 0}
    m_RemovedComponents: []
  m_SourcePrefab: {fileID: 100100000, guid: 7b50be6a14d134332941d9af494339f1, type: 3}
--- !u!1001 &1315252820
PrefabInstance:
  m_ObjectHideFlags: 0
  serializedVersion: 2
  m_Modification:
    m_TransformParent: {fileID: 0}
    m_Modifications:
    - target: {fileID: 4398247301907404137, guid: 2e17cc19b956a4a7a89a13be858da31b,
        type: 3}
      propertyPath: m_Name
      value: Canvas Wrapper
      objectReference: {fileID: 0}
    - target: {fileID: 3442182750427587788, guid: 2e17cc19b956a4a7a89a13be858da31b,
        type: 3}
      propertyPath: m_havePropertiesChanged
      value: 1
      objectReference: {fileID: 0}
    - target: {fileID: 3442182750427587788, guid: 2e17cc19b956a4a7a89a13be858da31b,
        type: 3}
      propertyPath: m_isInputParsingRequired
      value: 1
      objectReference: {fileID: 0}
    - target: {fileID: 4398247301907404138, guid: 2e17cc19b956a4a7a89a13be858da31b,
        type: 3}
      propertyPath: m_LocalPosition.x
      value: 0
      objectReference: {fileID: 0}
    - target: {fileID: 4398247301907404138, guid: 2e17cc19b956a4a7a89a13be858da31b,
        type: 3}
      propertyPath: m_LocalPosition.y
      value: 0
      objectReference: {fileID: 0}
    - target: {fileID: 4398247301907404138, guid: 2e17cc19b956a4a7a89a13be858da31b,
        type: 3}
      propertyPath: m_LocalPosition.z
      value: 0
      objectReference: {fileID: 0}
    - target: {fileID: 4398247301907404138, guid: 2e17cc19b956a4a7a89a13be858da31b,
        type: 3}
      propertyPath: m_LocalRotation.x
      value: 0
      objectReference: {fileID: 0}
    - target: {fileID: 4398247301907404138, guid: 2e17cc19b956a4a7a89a13be858da31b,
        type: 3}
      propertyPath: m_LocalRotation.y
      value: 0
      objectReference: {fileID: 0}
    - target: {fileID: 4398247301907404138, guid: 2e17cc19b956a4a7a89a13be858da31b,
        type: 3}
      propertyPath: m_LocalRotation.z
      value: 0
      objectReference: {fileID: 0}
    - target: {fileID: 4398247301907404138, guid: 2e17cc19b956a4a7a89a13be858da31b,
        type: 3}
      propertyPath: m_LocalRotation.w
      value: 1
      objectReference: {fileID: 0}
    - target: {fileID: 4398247301907404138, guid: 2e17cc19b956a4a7a89a13be858da31b,
        type: 3}
      propertyPath: m_RootOrder
      value: 4
      objectReference: {fileID: 0}
    - target: {fileID: 4398247301907404138, guid: 2e17cc19b956a4a7a89a13be858da31b,
        type: 3}
      propertyPath: m_LocalEulerAnglesHint.x
      value: 0
      objectReference: {fileID: 0}
    - target: {fileID: 4398247301907404138, guid: 2e17cc19b956a4a7a89a13be858da31b,
        type: 3}
      propertyPath: m_LocalEulerAnglesHint.y
      value: 0
      objectReference: {fileID: 0}
    - target: {fileID: 4398247301907404138, guid: 2e17cc19b956a4a7a89a13be858da31b,
        type: 3}
      propertyPath: m_LocalEulerAnglesHint.z
      value: 0
      objectReference: {fileID: 0}
    - target: {fileID: 4398247302468049639, guid: 2e17cc19b956a4a7a89a13be858da31b,
        type: 3}
      propertyPath: m_Camera
      value: 
      objectReference: {fileID: 1024196564}
    - target: {fileID: 4398247302468049639, guid: 2e17cc19b956a4a7a89a13be858da31b,
        type: 3}
      propertyPath: m_PixelPerfect
      value: 0
      objectReference: {fileID: 0}
    - target: {fileID: 4398247302468049639, guid: 2e17cc19b956a4a7a89a13be858da31b,
        type: 3}
      propertyPath: m_RenderMode
      value: 0
      objectReference: {fileID: 0}
    - target: {fileID: 4398247301646195711, guid: 2e17cc19b956a4a7a89a13be858da31b,
        type: 3}
      propertyPath: m_havePropertiesChanged
      value: 1
      objectReference: {fileID: 0}
    - target: {fileID: 4398247301646195711, guid: 2e17cc19b956a4a7a89a13be858da31b,
        type: 3}
      propertyPath: m_isInputParsingRequired
      value: 1
      objectReference: {fileID: 0}
    - target: {fileID: 4398247301002233170, guid: 2e17cc19b956a4a7a89a13be858da31b,
        type: 3}
      propertyPath: m_Camera
      value: 
      objectReference: {fileID: 0}
    - target: {fileID: 4398247301002233170, guid: 2e17cc19b956a4a7a89a13be858da31b,
        type: 3}
      propertyPath: m_PlaneDistance
      value: 1
      objectReference: {fileID: 0}
    - target: {fileID: 4398247301590335935, guid: 2e17cc19b956a4a7a89a13be858da31b,
        type: 3}
      propertyPath: m_AnchoredPosition.x
      value: NaN
      objectReference: {fileID: 0}
    - target: {fileID: 4398247301590335935, guid: 2e17cc19b956a4a7a89a13be858da31b,
        type: 3}
      propertyPath: m_AnchoredPosition.y
      value: NaN
      objectReference: {fileID: 0}
    - target: {fileID: 4398247302450781165, guid: 2e17cc19b956a4a7a89a13be858da31b,
        type: 3}
      propertyPath: m_AnchoredPosition.x
      value: NaN
      objectReference: {fileID: 0}
    - target: {fileID: 4398247302450781165, guid: 2e17cc19b956a4a7a89a13be858da31b,
        type: 3}
      propertyPath: m_AnchoredPosition.y
      value: NaN
      objectReference: {fileID: 0}
    - target: {fileID: 4398247302391091835, guid: 2e17cc19b956a4a7a89a13be858da31b,
        type: 3}
      propertyPath: m_AnchoredPosition.x
      value: NaN
      objectReference: {fileID: 0}
    - target: {fileID: 4398247302391091835, guid: 2e17cc19b956a4a7a89a13be858da31b,
        type: 3}
      propertyPath: m_AnchoredPosition.y
      value: NaN
      objectReference: {fileID: 0}
    - target: {fileID: 4398247302391091780, guid: 2e17cc19b956a4a7a89a13be858da31b,
        type: 3}
      propertyPath: m_havePropertiesChanged
      value: 1
      objectReference: {fileID: 0}
    - target: {fileID: 4398247302391091780, guid: 2e17cc19b956a4a7a89a13be858da31b,
        type: 3}
      propertyPath: m_isInputParsingRequired
      value: 1
      objectReference: {fileID: 0}
    - target: {fileID: 4398247301829647008, guid: 2e17cc19b956a4a7a89a13be858da31b,
        type: 3}
      propertyPath: m_AnchoredPosition.x
      value: 0
      objectReference: {fileID: 0}
    - target: {fileID: 4398247301829647008, guid: 2e17cc19b956a4a7a89a13be858da31b,
        type: 3}
      propertyPath: m_AnchoredPosition.y
      value: 0
      objectReference: {fileID: 0}
    - target: {fileID: 4398247302309623082, guid: 2e17cc19b956a4a7a89a13be858da31b,
        type: 3}
      propertyPath: m_AnchoredPosition.x
      value: NaN
      objectReference: {fileID: 0}
    - target: {fileID: 4398247302309623082, guid: 2e17cc19b956a4a7a89a13be858da31b,
        type: 3}
      propertyPath: m_AnchoredPosition.y
      value: NaN
      objectReference: {fileID: 0}
    - target: {fileID: 4398247302137049784, guid: 2e17cc19b956a4a7a89a13be858da31b,
        type: 3}
      propertyPath: m_AnchoredPosition.x
      value: NaN
      objectReference: {fileID: 0}
    - target: {fileID: 4398247302137049784, guid: 2e17cc19b956a4a7a89a13be858da31b,
        type: 3}
      propertyPath: m_AnchoredPosition.y
      value: NaN
      objectReference: {fileID: 0}
    - target: {fileID: 4398247300908240484, guid: 2e17cc19b956a4a7a89a13be858da31b,
        type: 3}
      propertyPath: m_AnchoredPosition.x
      value: NaN
      objectReference: {fileID: 0}
    - target: {fileID: 4398247300908240484, guid: 2e17cc19b956a4a7a89a13be858da31b,
        type: 3}
      propertyPath: m_AnchoredPosition.y
      value: NaN
      objectReference: {fileID: 0}
    - target: {fileID: 3712600700828279720, guid: 2e17cc19b956a4a7a89a13be858da31b,
        type: 3}
      propertyPath: m_havePropertiesChanged
      value: 1
      objectReference: {fileID: 0}
    - target: {fileID: 3712600700828279720, guid: 2e17cc19b956a4a7a89a13be858da31b,
        type: 3}
      propertyPath: m_isInputParsingRequired
      value: 1
      objectReference: {fileID: 0}
    - target: {fileID: 2398570106719147296, guid: 2e17cc19b956a4a7a89a13be858da31b,
        type: 3}
      propertyPath: m_havePropertiesChanged
      value: 1
      objectReference: {fileID: 0}
    - target: {fileID: 2398570106719147296, guid: 2e17cc19b956a4a7a89a13be858da31b,
        type: 3}
      propertyPath: m_isInputParsingRequired
      value: 1
      objectReference: {fileID: 0}
    - target: {fileID: 3148586044551830843, guid: 2e17cc19b956a4a7a89a13be858da31b,
        type: 3}
      propertyPath: m_havePropertiesChanged
      value: 1
      objectReference: {fileID: 0}
    - target: {fileID: 3148586044551830843, guid: 2e17cc19b956a4a7a89a13be858da31b,
        type: 3}
      propertyPath: m_isInputParsingRequired
      value: 1
      objectReference: {fileID: 0}
    - target: {fileID: 671433237122063737, guid: 2e17cc19b956a4a7a89a13be858da31b,
        type: 3}
      propertyPath: m_havePropertiesChanged
      value: 1
      objectReference: {fileID: 0}
    - target: {fileID: 671433237122063737, guid: 2e17cc19b956a4a7a89a13be858da31b,
        type: 3}
      propertyPath: m_isInputParsingRequired
      value: 1
      objectReference: {fileID: 0}
    m_RemovedComponents: []
  m_SourcePrefab: {fileID: 100100000, guid: 2e17cc19b956a4a7a89a13be858da31b, type: 3}
--- !u!4 &1415478071 stripped
Transform:
  m_CorrespondingSourceObject: {fileID: 2048125904511470524, guid: 7b50be6a14d134332941d9af494339f1,
    type: 3}
  m_PrefabInstance: {fileID: 237540857}
  m_PrefabAsset: {fileID: 0}
--- !u!1 &1487021954 stripped
GameObject:
  m_CorrespondingSourceObject: {fileID: 2398570106934801883, guid: 2e17cc19b956a4a7a89a13be858da31b,
    type: 3}
  m_PrefabInstance: {fileID: 1315252820}
  m_PrefabAsset: {fileID: 0}
--- !u!4 &1553325370 stripped
Transform:
  m_CorrespondingSourceObject: {fileID: 1553325370, guid: e2d3da987181a4ec295f16a1893f8dfe,
    type: 3}
  m_PrefabInstance: {fileID: 391156398}
  m_PrefabAsset: {fileID: 0}
--- !u!4 &1567031771 stripped
Transform:
  m_CorrespondingSourceObject: {fileID: 2048125904511470524, guid: 7b50be6a14d134332941d9af494339f1,
    type: 3}
  m_PrefabInstance: {fileID: 480582906}
  m_PrefabAsset: {fileID: 0}
--- !u!4 &1569010479 stripped
Transform:
  m_CorrespondingSourceObject: {fileID: 2048125904511470524, guid: 7b50be6a14d134332941d9af494339f1,
    type: 3}
  m_PrefabInstance: {fileID: 1166793809}
  m_PrefabAsset: {fileID: 0}
--- !u!1 &1580670756 stripped
GameObject:
  m_CorrespondingSourceObject: {fileID: 7107725997126282193, guid: 2e17cc19b956a4a7a89a13be858da31b,
    type: 3}
  m_PrefabInstance: {fileID: 1315252820}
  m_PrefabAsset: {fileID: 0}
--- !u!1001 &1793368545
PrefabInstance:
  m_ObjectHideFlags: 0
  serializedVersion: 2
  m_Modification:
    m_TransformParent: {fileID: 0}
    m_Modifications:
    - target: {fileID: 7629548437348833690, guid: 50da609e02d734a678a0e6add2d0f52a,
        type: 3}
      propertyPath: m_Name
      value: Player 2
      objectReference: {fileID: 0}
    - target: {fileID: 8654590374023772510, guid: 50da609e02d734a678a0e6add2d0f52a,
        type: 3}
      propertyPath: m_LocalPosition.x
      value: 21.89
      objectReference: {fileID: 0}
    - target: {fileID: 8654590374023772510, guid: 50da609e02d734a678a0e6add2d0f52a,
        type: 3}
      propertyPath: m_LocalPosition.y
      value: -10
      objectReference: {fileID: 0}
    - target: {fileID: 8654590374023772510, guid: 50da609e02d734a678a0e6add2d0f52a,
        type: 3}
      propertyPath: m_LocalPosition.z
      value: 1.32
      objectReference: {fileID: 0}
    - target: {fileID: 8654590374023772510, guid: 50da609e02d734a678a0e6add2d0f52a,
        type: 3}
      propertyPath: m_LocalRotation.x
      value: -0
      objectReference: {fileID: 0}
    - target: {fileID: 8654590374023772510, guid: 50da609e02d734a678a0e6add2d0f52a,
        type: 3}
      propertyPath: m_LocalRotation.y
      value: -0.6366905
      objectReference: {fileID: 0}
    - target: {fileID: 8654590374023772510, guid: 50da609e02d734a678a0e6add2d0f52a,
        type: 3}
      propertyPath: m_LocalRotation.z
      value: -0
      objectReference: {fileID: 0}
    - target: {fileID: 8654590374023772510, guid: 50da609e02d734a678a0e6add2d0f52a,
        type: 3}
      propertyPath: m_LocalRotation.w
      value: 0.7711195
      objectReference: {fileID: 0}
    - target: {fileID: 8654590374023772510, guid: 50da609e02d734a678a0e6add2d0f52a,
        type: 3}
      propertyPath: m_RootOrder
      value: 3
      objectReference: {fileID: 0}
    - target: {fileID: 8654590374023772510, guid: 50da609e02d734a678a0e6add2d0f52a,
        type: 3}
      propertyPath: m_LocalEulerAnglesHint.x
      value: 0
      objectReference: {fileID: 0}
    - target: {fileID: 8654590374023772510, guid: 50da609e02d734a678a0e6add2d0f52a,
        type: 3}
      propertyPath: m_LocalEulerAnglesHint.y
      value: -79.091
      objectReference: {fileID: 0}
    - target: {fileID: 8654590374023772510, guid: 50da609e02d734a678a0e6add2d0f52a,
        type: 3}
      propertyPath: m_LocalEulerAnglesHint.z
      value: 0
      objectReference: {fileID: 0}
    - target: {fileID: 5889399705020564168, guid: 50da609e02d734a678a0e6add2d0f52a,
        type: 3}
      propertyPath: speedMultiplier
      value: 6
      objectReference: {fileID: 0}
    - target: {fileID: 1167243362797100829, guid: 50da609e02d734a678a0e6add2d0f52a,
        type: 3}
      propertyPath: m_Layer
      value: 10
      objectReference: {fileID: 0}
    - target: {fileID: 939824462391319978, guid: 50da609e02d734a678a0e6add2d0f52a,
        type: 3}
      propertyPath: m_Layer
      value: 10
      objectReference: {fileID: 0}
    - target: {fileID: 4439965264142769327, guid: 50da609e02d734a678a0e6add2d0f52a,
        type: 3}
      propertyPath: m_Layer
      value: 10
      objectReference: {fileID: 0}
    - target: {fileID: 3615604696194469649, guid: 50da609e02d734a678a0e6add2d0f52a,
        type: 3}
      propertyPath: m_Layer
      value: 10
      objectReference: {fileID: 0}
    - target: {fileID: 1800139874021398873, guid: 50da609e02d734a678a0e6add2d0f52a,
        type: 3}
      propertyPath: m_Layer
      value: 10
      objectReference: {fileID: 0}
    - target: {fileID: 450470736141918271, guid: 50da609e02d734a678a0e6add2d0f52a,
        type: 3}
      propertyPath: m_Layer
      value: 10
      objectReference: {fileID: 0}
    - target: {fileID: 8717232449558339778, guid: 50da609e02d734a678a0e6add2d0f52a,
        type: 3}
      propertyPath: m_Layer
      value: 10
      objectReference: {fileID: 0}
    - target: {fileID: 5326220495185057885, guid: 50da609e02d734a678a0e6add2d0f52a,
        type: 3}
      propertyPath: m_Layer
      value: 10
      objectReference: {fileID: 0}
    - target: {fileID: 7829103735747331687, guid: 50da609e02d734a678a0e6add2d0f52a,
        type: 3}
      propertyPath: m_Layer
      value: 10
      objectReference: {fileID: 0}
    - target: {fileID: 7915121404967685977, guid: 50da609e02d734a678a0e6add2d0f52a,
        type: 3}
      propertyPath: m_Layer
      value: 10
      objectReference: {fileID: 0}
    - target: {fileID: 19373578857994556, guid: 50da609e02d734a678a0e6add2d0f52a,
        type: 3}
      propertyPath: m_Layer
      value: 10
      objectReference: {fileID: 0}
    - target: {fileID: 7922216302610508667, guid: 50da609e02d734a678a0e6add2d0f52a,
        type: 3}
      propertyPath: m_Layer
      value: 10
      objectReference: {fileID: 0}
    - target: {fileID: 1041865786490319471, guid: 50da609e02d734a678a0e6add2d0f52a,
        type: 3}
      propertyPath: m_Layer
      value: 10
      objectReference: {fileID: 0}
    - target: {fileID: 6339206879053976459, guid: 50da609e02d734a678a0e6add2d0f52a,
        type: 3}
      propertyPath: m_Layer
      value: 10
      objectReference: {fileID: 0}
    - target: {fileID: 2340846301378425088, guid: 50da609e02d734a678a0e6add2d0f52a,
        type: 3}
      propertyPath: m_Layer
      value: 10
      objectReference: {fileID: 0}
    - target: {fileID: 72106404720437237, guid: 50da609e02d734a678a0e6add2d0f52a,
        type: 3}
      propertyPath: m_Layer
      value: 10
      objectReference: {fileID: 0}
    - target: {fileID: 2270634721193328117, guid: 50da609e02d734a678a0e6add2d0f52a,
        type: 3}
      propertyPath: m_Layer
      value: 10
      objectReference: {fileID: 0}
    - target: {fileID: 438129156687320007, guid: 50da609e02d734a678a0e6add2d0f52a,
        type: 3}
      propertyPath: m_Layer
      value: 10
      objectReference: {fileID: 0}
    - target: {fileID: 532336673146756770, guid: 50da609e02d734a678a0e6add2d0f52a,
        type: 3}
      propertyPath: m_Layer
      value: 10
      objectReference: {fileID: 0}
    - target: {fileID: 4521103672553066733, guid: 50da609e02d734a678a0e6add2d0f52a,
        type: 3}
      propertyPath: m_Layer
      value: 10
      objectReference: {fileID: 0}
    - target: {fileID: 8644576231204595811, guid: 50da609e02d734a678a0e6add2d0f52a,
        type: 3}
      propertyPath: m_Layer
      value: 10
      objectReference: {fileID: 0}
    - target: {fileID: 7922126858373156490, guid: 50da609e02d734a678a0e6add2d0f52a,
        type: 3}
      propertyPath: m_Layer
      value: 10
      objectReference: {fileID: 0}
    - target: {fileID: 2937032360486201682, guid: 50da609e02d734a678a0e6add2d0f52a,
        type: 3}
      propertyPath: m_Layer
      value: 10
      objectReference: {fileID: 0}
    - target: {fileID: 3205531215286925452, guid: 50da609e02d734a678a0e6add2d0f52a,
        type: 3}
      propertyPath: m_Layer
      value: 10
      objectReference: {fileID: 0}
    - target: {fileID: 3430976491608540567, guid: 50da609e02d734a678a0e6add2d0f52a,
        type: 3}
      propertyPath: m_Layer
      value: 10
      objectReference: {fileID: 0}
    - target: {fileID: 8319609894993765722, guid: 50da609e02d734a678a0e6add2d0f52a,
        type: 3}
      propertyPath: m_Layer
      value: 10
      objectReference: {fileID: 0}
    - target: {fileID: 4891116089846929016, guid: 50da609e02d734a678a0e6add2d0f52a,
        type: 3}
      propertyPath: m_Layer
      value: 10
      objectReference: {fileID: 0}
    - target: {fileID: 5387546939315426195, guid: 50da609e02d734a678a0e6add2d0f52a,
        type: 3}
      propertyPath: m_Layer
      value: 10
      objectReference: {fileID: 0}
    - target: {fileID: 3820731451985286459, guid: 50da609e02d734a678a0e6add2d0f52a,
        type: 3}
      propertyPath: m_Layer
      value: 10
      objectReference: {fileID: 0}
    - target: {fileID: 7986322760093993424, guid: 50da609e02d734a678a0e6add2d0f52a,
        type: 3}
      propertyPath: m_Layer
      value: 10
      objectReference: {fileID: 0}
    - target: {fileID: 3952732040646899803, guid: 50da609e02d734a678a0e6add2d0f52a,
        type: 3}
      propertyPath: m_Layer
      value: 10
      objectReference: {fileID: 0}
    - target: {fileID: 187651307496970550, guid: 50da609e02d734a678a0e6add2d0f52a,
        type: 3}
      propertyPath: m_Layer
      value: 10
      objectReference: {fileID: 0}
    - target: {fileID: 1983999359406021001, guid: 50da609e02d734a678a0e6add2d0f52a,
        type: 3}
      propertyPath: m_Layer
      value: 10
      objectReference: {fileID: 0}
    - target: {fileID: 6938906957971397964, guid: 50da609e02d734a678a0e6add2d0f52a,
        type: 3}
      propertyPath: m_Layer
      value: 10
      objectReference: {fileID: 0}
    - target: {fileID: 3235742090280134628, guid: 50da609e02d734a678a0e6add2d0f52a,
        type: 3}
      propertyPath: m_Layer
      value: 10
      objectReference: {fileID: 0}
    - target: {fileID: 8205997733178967273, guid: 50da609e02d734a678a0e6add2d0f52a,
        type: 3}
      propertyPath: m_Layer
      value: 10
      objectReference: {fileID: 0}
    - target: {fileID: 3228937506643953841, guid: 50da609e02d734a678a0e6add2d0f52a,
        type: 3}
      propertyPath: m_Layer
      value: 10
      objectReference: {fileID: 0}
    - target: {fileID: 896067822641421971, guid: 50da609e02d734a678a0e6add2d0f52a,
        type: 3}
      propertyPath: m_Layer
      value: 10
      objectReference: {fileID: 0}
    - target: {fileID: 4931853931308990110, guid: 50da609e02d734a678a0e6add2d0f52a,
        type: 3}
      propertyPath: m_Layer
      value: 10
      objectReference: {fileID: 0}
    - target: {fileID: 7164036148294331350, guid: 50da609e02d734a678a0e6add2d0f52a,
        type: 3}
      propertyPath: m_Layer
      value: 10
      objectReference: {fileID: 0}
    - target: {fileID: 6339309771429198612, guid: 50da609e02d734a678a0e6add2d0f52a,
        type: 3}
      propertyPath: m_Layer
      value: 10
      objectReference: {fileID: 0}
    - target: {fileID: 3143858075756421048, guid: 50da609e02d734a678a0e6add2d0f52a,
        type: 3}
      propertyPath: m_Layer
      value: 10
      objectReference: {fileID: 0}
    - target: {fileID: 3360251035130839408, guid: 50da609e02d734a678a0e6add2d0f52a,
        type: 3}
      propertyPath: m_Layer
      value: 10
      objectReference: {fileID: 0}
    - target: {fileID: 6347225473474204355, guid: 50da609e02d734a678a0e6add2d0f52a,
        type: 3}
      propertyPath: m_Layer
      value: 10
      objectReference: {fileID: 0}
    - target: {fileID: 3536867436373859674, guid: 50da609e02d734a678a0e6add2d0f52a,
        type: 3}
      propertyPath: m_Layer
      value: 10
      objectReference: {fileID: 0}
    - target: {fileID: 4887311867478307346, guid: 50da609e02d734a678a0e6add2d0f52a,
        type: 3}
      propertyPath: m_Layer
      value: 10
      objectReference: {fileID: 0}
    - target: {fileID: 6666609810996752173, guid: 50da609e02d734a678a0e6add2d0f52a,
        type: 3}
      propertyPath: m_Layer
      value: 10
      objectReference: {fileID: 0}
    - target: {fileID: 1684692362456714753, guid: 50da609e02d734a678a0e6add2d0f52a,
        type: 3}
      propertyPath: m_Layer
      value: 10
      objectReference: {fileID: 0}
    - target: {fileID: 4576804445789993299, guid: 50da609e02d734a678a0e6add2d0f52a,
        type: 3}
      propertyPath: m_Layer
      value: 10
      objectReference: {fileID: 0}
    - target: {fileID: 6599869178221444876, guid: 50da609e02d734a678a0e6add2d0f52a,
        type: 3}
      propertyPath: m_Layer
      value: 10
      objectReference: {fileID: 0}
    - target: {fileID: 5357005123666426334, guid: 50da609e02d734a678a0e6add2d0f52a,
        type: 3}
      propertyPath: m_Layer
      value: 10
      objectReference: {fileID: 0}
    - target: {fileID: 8286375784114393623, guid: 50da609e02d734a678a0e6add2d0f52a,
        type: 3}
      propertyPath: m_Layer
      value: 10
      objectReference: {fileID: 0}
    - target: {fileID: 8411796214491027900, guid: 50da609e02d734a678a0e6add2d0f52a,
        type: 3}
      propertyPath: m_Layer
      value: 10
      objectReference: {fileID: 0}
    - target: {fileID: 3039156888320427670, guid: 50da609e02d734a678a0e6add2d0f52a,
        type: 3}
      propertyPath: m_Layer
      value: 10
      objectReference: {fileID: 0}
    - target: {fileID: 6756694273009534332, guid: 50da609e02d734a678a0e6add2d0f52a,
        type: 3}
      propertyPath: m_Layer
      value: 10
      objectReference: {fileID: 0}
    - target: {fileID: 1881643570510551873, guid: 50da609e02d734a678a0e6add2d0f52a,
        type: 3}
      propertyPath: m_Layer
      value: 10
      objectReference: {fileID: 0}
    - target: {fileID: 4748279224284641890, guid: 50da609e02d734a678a0e6add2d0f52a,
        type: 3}
      propertyPath: m_Layer
      value: 10
      objectReference: {fileID: 0}
    - target: {fileID: 2845075543301872326, guid: 50da609e02d734a678a0e6add2d0f52a,
        type: 3}
      propertyPath: m_Layer
      value: 10
      objectReference: {fileID: 0}
    - target: {fileID: 593721118636431133, guid: 50da609e02d734a678a0e6add2d0f52a,
        type: 3}
      propertyPath: m_Layer
      value: 10
      objectReference: {fileID: 0}
    - target: {fileID: 8910287834100974533, guid: 50da609e02d734a678a0e6add2d0f52a,
        type: 3}
      propertyPath: m_Layer
      value: 10
      objectReference: {fileID: 0}
    - target: {fileID: 880133475399772691, guid: 50da609e02d734a678a0e6add2d0f52a,
        type: 3}
      propertyPath: m_Layer
      value: 10
      objectReference: {fileID: 0}
    - target: {fileID: 1804409035340734453, guid: 50da609e02d734a678a0e6add2d0f52a,
        type: 3}
      propertyPath: m_Layer
      value: 10
      objectReference: {fileID: 0}
    - target: {fileID: 7927154102796419178, guid: 50da609e02d734a678a0e6add2d0f52a,
        type: 3}
      propertyPath: m_Layer
      value: 10
      objectReference: {fileID: 0}
    - target: {fileID: 7169135774391093845, guid: 50da609e02d734a678a0e6add2d0f52a,
        type: 3}
      propertyPath: m_Layer
      value: 10
      objectReference: {fileID: 0}
    - target: {fileID: 3609289186746385297, guid: 50da609e02d734a678a0e6add2d0f52a,
        type: 3}
      propertyPath: m_Layer
      value: 10
      objectReference: {fileID: 0}
    - target: {fileID: 2520386728273528933, guid: 50da609e02d734a678a0e6add2d0f52a,
        type: 3}
      propertyPath: m_Layer
      value: 10
      objectReference: {fileID: 0}
    - target: {fileID: 5682274542654004809, guid: 50da609e02d734a678a0e6add2d0f52a,
        type: 3}
      propertyPath: m_Layer
      value: 10
      objectReference: {fileID: 0}
    - target: {fileID: 6796630518985455527, guid: 50da609e02d734a678a0e6add2d0f52a,
        type: 3}
      propertyPath: m_Layer
      value: 10
      objectReference: {fileID: 0}
    - target: {fileID: 2883784934252777590, guid: 50da609e02d734a678a0e6add2d0f52a,
        type: 3}
      propertyPath: m_Layer
      value: 10
      objectReference: {fileID: 0}
    - target: {fileID: 117834615843045527, guid: 50da609e02d734a678a0e6add2d0f52a,
        type: 3}
      propertyPath: m_Layer
      value: 10
      objectReference: {fileID: 0}
    - target: {fileID: 687188680447304613, guid: 50da609e02d734a678a0e6add2d0f52a,
        type: 3}
      propertyPath: m_Layer
      value: 10
      objectReference: {fileID: 0}
    - target: {fileID: 7029055918122439177, guid: 50da609e02d734a678a0e6add2d0f52a,
        type: 3}
      propertyPath: m_Layer
      value: 10
      objectReference: {fileID: 0}
    - target: {fileID: 3598380480180042380, guid: 50da609e02d734a678a0e6add2d0f52a,
        type: 3}
      propertyPath: m_Layer
      value: 10
      objectReference: {fileID: 0}
    - target: {fileID: 3652273783183453532, guid: 50da609e02d734a678a0e6add2d0f52a,
        type: 3}
      propertyPath: m_Layer
      value: 10
      objectReference: {fileID: 0}
    - target: {fileID: 6861362454201112238, guid: 50da609e02d734a678a0e6add2d0f52a,
        type: 3}
      propertyPath: m_Layer
      value: 10
      objectReference: {fileID: 0}
    - target: {fileID: 6420592997338644876, guid: 50da609e02d734a678a0e6add2d0f52a,
        type: 3}
      propertyPath: m_Layer
      value: 10
      objectReference: {fileID: 0}
    - target: {fileID: 5766082347086187394, guid: 50da609e02d734a678a0e6add2d0f52a,
        type: 3}
      propertyPath: m_Layer
      value: 10
      objectReference: {fileID: 0}
    - target: {fileID: 2227809604141564074, guid: 50da609e02d734a678a0e6add2d0f52a,
        type: 3}
      propertyPath: m_Layer
      value: 10
      objectReference: {fileID: 0}
    - target: {fileID: 6638596882992979011, guid: 50da609e02d734a678a0e6add2d0f52a,
        type: 3}
      propertyPath: m_Layer
      value: 10
      objectReference: {fileID: 0}
    - target: {fileID: 4635534701508620952, guid: 50da609e02d734a678a0e6add2d0f52a,
        type: 3}
      propertyPath: m_Layer
      value: 10
      objectReference: {fileID: 0}
    - target: {fileID: 588787642133755394, guid: 50da609e02d734a678a0e6add2d0f52a,
        type: 3}
      propertyPath: m_Layer
      value: 10
      objectReference: {fileID: 0}
    - target: {fileID: 3412794542973990560, guid: 50da609e02d734a678a0e6add2d0f52a,
        type: 3}
      propertyPath: m_Layer
      value: 10
      objectReference: {fileID: 0}
    - target: {fileID: 7715133982996070420, guid: 50da609e02d734a678a0e6add2d0f52a,
        type: 3}
      propertyPath: m_Layer
      value: 10
      objectReference: {fileID: 0}
    - target: {fileID: 6007113179746611021, guid: 50da609e02d734a678a0e6add2d0f52a,
        type: 3}
      propertyPath: m_Layer
      value: 10
      objectReference: {fileID: 0}
    - target: {fileID: 7969497036008252403, guid: 50da609e02d734a678a0e6add2d0f52a,
        type: 3}
      propertyPath: m_Layer
      value: 10
      objectReference: {fileID: 0}
    - target: {fileID: 4211867200972323004, guid: 50da609e02d734a678a0e6add2d0f52a,
        type: 3}
      propertyPath: m_Enabled
      value: 1
      objectReference: {fileID: 0}
    - target: {fileID: 4211867200972323004, guid: 50da609e02d734a678a0e6add2d0f52a,
        type: 3}
      propertyPath: field of view
      value: 50
      objectReference: {fileID: 0}
    m_RemovedComponents: []
  m_SourcePrefab: {fileID: 100100000, guid: 50da609e02d734a678a0e6add2d0f52a, type: 3}
